 Dungeon Crawl Stone Soup version 0.30-a0-859-gf88a04b62d (webtiles) character file.

Game seed: 17184479421518992669

262 Newt the Shooter (level 6, -14/40 HPs)
             Began as a Kobold Hunter on Mar 7, 2023.
             Demolished by a gnoll
             ... wielding a +0 spear of distortion
             ... led by a gnoll bouda
              (21 damage)
             ... on level 5 of the Dungeon.
             The game lasted 00:02:31 (3529 turns).

Newt the Shooter (Kobold Hunter)                    Turns: 3529, Time: 00:02:32

Health: -14/40     AC:  4    Str:  8    XL:     6   Next: 42%
Magic:  6/6        EV: 14    Int: 11    God:
Gold:   113        SH:  0    Dex: 20    Spells: 5/5 levels left

rFire   . . .      SeeInvis .    a - +0 shortbow
rCold   . . .      Faith    +    (shield currently unavailable)
rNeg    . . .      Spirit   .    c - +1 leather armour
rPois   .          Reflect  .    (no helmet)
rElec   .          Rampage  .    (no cloak)
rCorr   .                        (no gloves)
Will    .....                    (no boots)
Stlth   +++                      n - amulet of faith
HPRegen 0.26/turn                (no ring)
MPRegen 0.10/turn                (no ring)

@: weakened, hasted, very quick
A: small, no large weapons, nightstalker 3
a: no special abilities


You were on level 5 of the Dungeon.
You visited 1 branch of the dungeon, and saw 5 of its levels.

You collected 113 gold pieces.

Inventory:

Hand Weapons
 a - a +0 shortbow (weapon)
Armour
 c - a +1 leather armour (worn)
Jewellery
 i - an amulet of the acrobat
 n - an amulet of faith (around neck)
Scrolls
 b - a scroll of immolation
 l - a scroll of noise
Potions
 d - 3 potions of degeneration
 e - a potion of haste
 f - a potion of might
 g - 3 potions of curing
 k - a potion of flight {unknown}
 m - a potion of brilliance
 q - a potion of resistance {unknown}


   Skills:
 - Level 5.0 Fighting
 + Level 7.8 Ranged Weapons
 - Level 2.4 Dodging
 - Level 1.3 Stealth


You had 5 spell levels left.
You didn't know any spells.
Your spell library contained the following spells:

 Spells                   Type           Power      Damage    Failure   Level
 Magic Dart               Conj           0%         1d3       45%         1
 Call Imp                 Summ           0%         N/A       61%         2
 Sublimation of Blood     Necr           0%         N/A       61%         2
 Wereblood                Tmut           0%         N/A       61%         2
 Dazzling Flash           Conj/Hex       0%         N/A       83%         3
 Mephitic Cloud           Conj/Pois/Air  0%         N/A       83%         3
 Iskenderun's Mystic Bla  Conj/Tloc      0%         2d3       99%         4
 Starburst                Conj/Fire      0%         6d3       100%        6
 Summon Hydra             Summ           0%         N/A       100%        7


Dungeon Overview and Level Annotations

Branches:
Dungeon (5/15)
 Temple: D:4-7

Altars:
Dithmenos
Gozag


Innate Abilities, Weirdness & Mutations

You are small and have problems with some larger weapons.
You are completely attuned to the shadows.


Message History

The roots erupt in riotous growth!
Roots grab the gnoll.
Roots grab the gnoll.
The now-empty wand crumbles to dust.
The grasping roots constrict the gnoll. x2
The gnoll struggles to escape constriction. x2
Unknown command.
Unknown command.
Fire: a) +0 shortbow
Press: ? - help, Q - select action Shift-Dir - straight line, f/p - gnoll
Aim: a gnoll, wielding a +0 spear of distortion (moderately wounded, covering ground quickly, constricted by roots, 94% to hit)
You shoot an arrow. The arrow hits the gnoll.
The gnoll is heavily wounded.
The grasping roots constrict the gnoll.
The grasping roots constrict the gnoll!
The roots release their grip on the gnoll. x2
The gnoll bouda calls upon its god to heal the gnoll.
The gnoll is healed somewhat.
Unknown command.
Fire: a) +0 shortbow
Press: ? - help, Q - select action Shift-Dir - straight line, f/p - gnoll
Aim: a gnoll, wielding a +0 spear of distortion (heavily wounded, covering ground quickly, 70% to hit)
You shoot an arrow. The arrow completely misses the gnoll.
The arrow hits the gnoll.
The gnoll is heavily wounded.
The gnoll hits you from afar with a +0 spear of distortion.
Space warps around you.
* * * LOW HITPOINT WARNING * * *
Unknown command.
Unknown command.
Fire: a) +0 shortbow
Press: ? - help, Q - select action Shift-Dir - straight line, f/p - gnoll
Aim: a gnoll, wielding a +0 spear of distortion (heavily wounded, covering ground quickly, 70% to hit)
You shoot an arrow. The arrow hits the gnoll.
The gnoll is almost dead.
The gnoll is no longer moving quickly.
The gnoll misses you.
The gnoll hits you from afar with a +0 spear of distortion.
* * * LOW HITPOINT WARNING * * *
Space warps horribly around you!!
Ouch! That really hurt!
You die...

###....#
.###.....##
.....)..##
........#
#........##
#..##.g...#
#....g....
###........
##.....@g...
...........>
.#...........
[............
#...........
####.##....
#..#.......
............
...........)


You could see a gnoll bouda and 2 gnolls.

Vanquished Creatures
  A black bear (D:5)
  An iguana (D:4)
  3 gnolls (D:5)
  3 adders
  An ufetubus (D:4)
  A dart slug (D:2)
  4 bats
  16 endoplasms
  2 giant cockroaches
  7 goblins
  9 hobgoblins
  4 quokkas
  8 ball pythons
  3 frilled lizards (D:1)
  9 kobolds
  7 rats
79 creatures vanquished.

Vanquished Creatures (others)
  7 plants (D:2)
7 creatures vanquished.

Grand Total: 86 creatures vanquished

Notes
Turn   | Place    | Note
-------+----------+-------------------------------------------
     0 | D:1      | Newt the Kobold Hunter began the quest for the Orb.
     0 | D:1      | Reached XP level 1. HP: 12/12 MP: 1/1
    74 | D:1      | Reached XP level 2. HP: 16/18 MP: 2/2
   277 | D:1      | Reached XP level 3. HP: 18/23 MP: 3/3
   856 | D:2      | Reached XP level 4. HP: 30/30 MP: 4/4
  1345 | D:2      | Found a shadowy altar of Dithmenos.
  1885 | D:3      | Found an opulent altar of Gozag.
  1943 | D:3      | Reached skill level 5 in Fighting
  2426 | D:4      | Reached XP level 5. HP: 23/35 MP: 5/5
  2868 | D:4      | Reached skill level 6 in Ranged Weapons
  3407 | D:5      | Entered Level 5 of the Dungeon
  3437 | D:5      | Noticed a black bear
  3446 | D:5      | Killed a black bear
  3447 | D:5      | Reached skill level 7 in Ranged Weapons
  3447 | D:5      | Reached XP level 6. HP: 31/40 MP: 6/6
  3529 | D:5      | Demolished by a gnoll

Illustrated notes

Levels and vault maps discovered:
D:1:      wander_arrival_fairy_ring, layout_basic, fountainhead
D:2:      wad_lake_hut, layout_loops_ring, basic_altar
D:3:      layout_rooms, mainiacjoe_overflow_catwalk, minmay_misc_feat_tiny,
          hangedman_decor_lopped
D:4:      layout_basic, kennysheep_diamond
D:5:      layout_cave_pools, nemelex_spade_bored_becter,
          gammafunk_temple_overflow_elements, led_sif_book, kennysheep_boxes

Skill      XL: |  1  2  3  4  5 |
---------------+----------------+-----
Fighting       | 3 4 5 |  5.0
Ranged Weapons | 7 |  7.8
Dodging        | |  2.4
Stealth        | |  1.3

Action                     |  1- 3 |  4- 6 || total
---------------------------+-------+-------++-------
   Fire: Shortbow          |    80 |   104 ||   184
  Evoke: Wand              |       |     2 ||     2
    Use: Scroll            |     2 |     8 ||    10
         Potion            |       |     4 ||     4
 Armour: Leather armour    |    12 |    13 ||    25
  Dodge: Dodged            |    29 |    62 ||    91

Table legend: (Time is in decaauts)
 A = Elapsed time spent in this place.
 B = Non-inter-level travel time spent in this place.
 C = Inter-level travel time spent in this place.
 D = Time resting spent in this place.
 E = Time spent auto-exploring this place.
 F = Levels seen in this place.
 G = Mean time per level.
                   A        B        C        D        E       F      G
               +--------+--------+--------+--------+--------+-----+--------+
         Total |   3630 |   3475 |    155 |    206 |   2885 |   5 |  726.0 |
       Dungeon |   3630 |   3475 |    155 |    206 |   2885 |   5 |  726.0 |
               +--------+--------+--------+--------+--------+-----+--------+

Top non-repeatable levels by time:
     D:2: 1240 daAuts
     D:4: 996 daAuts
     D:1: 691 daAuts
     D:3: 582 daAuts
     D:5: 120 daAuts
